 Dungeon Crawl Stone Soup version 0.19.5 (webtiles) character file.

157 Chaoticas the Changer (level 5, -1/40 HPs)
             Began as a Draconian Transmuter on Apr 16, 2017.
             Slain by unrecovered's ghost (10 damage)
             ... on level 4 of the Dungeon.
             The game lasted 00:15:32 (3800 turns).

Chaoticas the Changer (Draconian Transmuter)        Turns: 3800, Time: 00:15:32

Health: -1/40      AC:  8    Str: 16    XL:     5   Next: 15%
Magic:  5/8        EV: 12    Int: 14    God:
Gold:   180        SH:  0    Dex: 11    Spells: 3 memorised, 2 levels left

rFire  . . .     SeeInvis .       - Unarmed
rCold  . . .     Gourm    .     (armour unavailable)
rNeg   . . .     Faith    .     (no shield)
rPois  .         Spirit   .     (helmet restricted)
rElec  .         Reflect  .     g - +0 cloak
rCorr  .         Harm     .     p - +0 pair of gloves
MR     .....                    v - +0 pair of boots
Stlth  +.........               u - amulet of rage
                                (no ring)
                                d - +3 ring of strength

@: no status effects
A: unfitting armour, cold-blooded, AC +5
a: Evoke Berserk Rage


You were on level 4 of the Dungeon.
You were not hungry.

You visited 1 branch of the dungeon, and saw 4 of its levels.

You collected 180 gold pieces.

Inventory:

Hand Weapons
 f - a +0 whip
Missiles
 a - 24 arrows
 e - 9 stones (quivered)
Armour
 g - a +0 cloak (worn)
 p - a +0 pair of gloves (worn)
 v - a +0 pair of boots (worn)
Jewellery
 d - a +3 ring of strength (left hand)
 u - an amulet of rage (around neck)
Wands
 s - a wand of lightning (11/15)
Scrolls
 m - 2 scrolls of remove curse
 n - a scroll of immolation {unknown}
 o - a scroll of random uselessness {unknown}
 r - 2 scrolls of recharging {unknown}
 t - a scroll of teleportation {unknown}
Potions
 h - a potion of haste
 i - a potion of invisibility
 j - a potion of heal wounds
 k - 2 potions of lignification {unknown}
 l - a potion of agility {unknown}
Books
 b - a book of Changes

   Spells                             Type                      Level
   a - Beastly Appendage              Transmutation                1
   b - Sticks to Snakes               Transmutation                2
   c - Spider Form                    Transmutation/Poison         3
   d - Ice Form                       Ice/Transmutation            4
   e - Blade Hands                    Transmutation                5
Comestibles
 c - a bread ration
 q - a meat ration


   Skills:
 + Level 1.1 Fighting
 + Level 1.7 Dodging
 * Level 3.0 Unarmed Combat
 - Level 2.0 Spellcasting
 * Level 4.3 Transmutations
 - Level 3.0 Poison Magic


You had 2 spell levels left.
You knew the following spells:

 Your Spells              Type           Power        Failure   Level  Hunger
a - Beastly Appendage     Tmut           ##....       4%          1    ##.....
b - Sticks to Snakes      Tmut           ##......     10%         2    ###....
c - Spider Form           Tmut/Pois      ##........   17%         3    ####...


Dungeon Overview and Level Annotations

Branches:
Dungeon (4/15)
 Temple: D:4-7

Altars:

Annotations:
D:4 unrecovered's ghost, amateur TeGl


Innate Abilities, Weirdness & Mutations

Your plain brown scales are hard. (AC +5)
You cannot fit into any form of body armour.
You are cold-blooded and may be slowed by cold attacks.


Message History

You create a snake!
You now have 24 arrows.
Unrecovered's ghost closely misses you.
Your adder bites unrecovered's ghost but does no damage. x2
You hit unrecovered's ghost but do no damage.
Unrecovered's ghost is heavily damaged.
Your adder misses unrecovered's ghost. Unrecovered's ghost closely misses you.
You hit unrecovered's ghost.
Unrecovered's ghost is heavily damaged.
Your adder barely misses unrecovered's ghost. x2
You hit unrecovered's ghost.
Unrecovered's ghost is heavily damaged.
Your adder bites unrecovered's ghost but does no damage.
Unrecovered's ghost hits you.
* * * LOW HITPOINT WARNING * * *
Your adder completely misses unrecovered's ghost.
You closely miss unrecovered's ghost.
Unrecovered's ghost is heavily damaged.
Your adder closely misses unrecovered's ghost. x2
Unrecovered's ghost hits you!
You die...

#######.##.# #...
......#### ##.#
#........# #<@#
#........# #.W#
#........# #SS#
#........# #..#
#........#
#.5####........###
#..#..'........'.#
#..#.##........#.#
#..# #........#.#
#..#.##...W....#.#


You could see unrecovered's ghost, a crimson imp and 2 friendly adders.

Vanquished Creatures
  A scorpion (D:4)
  A worker ant (D:4)
  2 adders (D:2)
  An ooze (D:3)
  A dart slug (D:1)
  2 leopard geckos (D:3)
  2 orcs (D:3)
  6 bats
  3 giant cockroaches
  10 goblins
  8 hobgoblins
  2 jackals (D:1)
  4 frilled lizards
  10 kobolds
  A quokka skeleton (D:4)
  9 rats
63 creatures vanquished.

Vanquished Creatures (collateral kills)
  A worm (D:2)
  A rat (D:2)
2 creatures vanquished.

Grand Total: 65 creatures vanquished

Notes
Turn   | Place    | Note
-------+----------+-------------------------------------------
     0 | D:1      | Chaoticas the Draconian Transmuter began the quest for the Orb.
     0 | D:1      | Reached XP level 1. HP: 16/16 MP: 3/3
   119 | D:1      | Reached XP level 2. HP: 15/23 MP: 5/5
   342 | D:1      | Reached skill level 3 in Transmutations
   372 | D:1      | Learned a level 2 spell: Sticks to Snakes
  1095 | D:1      | Reached XP level 3. HP: 28/28 MP: 6/6
  1446 | D:1      | Learned a level 3 spell: Spider Form
  1572 | D:2      | Reached skill level 1 in Poison Magic
  2086 | D:2      | Reached XP level 4. HP: 35/35 MP: 7/7
  3003 | D:4      | Reached skill level 4 in Transmutations
  3404 | D:4      | Reached XP level 5. HP: 9/40 MP: 4/8
  3737 | D:4      | Noticed unrecovered's ghost (amateur TeGl)
  3800 | D:4      | Slain by unrecovered's ghost

Skill      XL: |  1  2  3  4 |
---------------+-------------+-----
Transmutations | 3 4 |  4.3
Poison Magic   | 1 3 |  3.0
Fighting       | |  1.1
Dodging        | |  1.7
Unarmed Combat | |  3.0
Spellcasting   | |  2.0

Action                   |  1- 3 |  4- 6 || total
-------------------------+-------+-------++-------
Melee: Unarmed           |   145 |   106 ||   251
       Tailslap          |     9 |    12 ||    21
       Punch             |     2 |       ||     2
Throw: Stone             |     2 |       ||     2
 Cast: Sticks to Snakes  |     5 |     5 ||    10
       Spider Form       |       |     1 ||     1
  Use: Scroll            |     6 |     2 ||     8
       Potion            |       |     1 ||     1
 Stab: Sleeping          |     1 |       ||     1
  Eat: Chunk             |     3 |     5 ||     8
       Bread ration      |       |     1 ||     1
Armor: Skin              |    46 |    28 ||    74
Dodge: Dodged            |    85 |    48 ||   133
